 Dungeon Crawl Stone Soup version 0.31-a0-37-g98a128e1d9 (webtiles) character file.

Game seed: 15675267529781491759

27818 Gargoyl the Severer (level 13, -17/126 HPs)
             Began as a Gargoyle Berserker on May 15, 2023.
             Was a High Priest of Trog.
             Killed from afar by an oklob plant (24 damage)
             ... with a splash of acid
             ... on level 4 of the Lair of Beasts.
             The game lasted 00:19:09 (10904 turns).

Gargoyl the Severer (Gargoyle Berserker)           Turns: 10904, Time: 00:19:10

Health: -17/126    AC: 22    Str: 25    XL:     13   Next: 34%
Magic:  13/13      EV: 15    Int:  9    God:    Trog [*****.]
Gold:   844        SH:  4    Dex: 16    Spells: 12/12 levels left

rFire   . . .        s - +5 flail (protect)
rCold   + . .        N - +0 buckler
rNeg    + + .        t - +2 ring mail "Qungogos" {Dex+3 SInv}
rPois   ∞            w - +2 helmet of the Ego {rN+ Will+ Str+4 Stlth-}
rElec   +            f - +2 cloak
rCorr   .            r - +1 Delatra's gloves {ID++}
SInv    +            (no boots)
Will    +++..        g - amulet of regeneration Stlth
                     d - ring of protection from cold
HPRegen 2.21/turn    e - +4 ring of protection
MPRegen 0.13/turn

%: no passive effects
@: berserking (expiring), strong-willed, corroded, under a protective aura,
regenerating, very quick
A: sickness immunity, AC +9, negative energy resistance 1, electricity
resistance, torment resistance 1, petrification resistance
a: Renounce Religion, Berserk, Trog's Hand, Brothers in Arms


You were on level 4 of the Lair of Beasts.
You worshipped Trog.
Trog was extremely pleased with you.
You visited 2 branches of the dungeon, and saw 13 of its levels.
You also visited: Ossuary.

You collected 948 gold pieces.
You spent 104 gold pieces at shops.

Inventory:

Hand Weapons
 a - a +0 hand axe of protection
 s - a +5 flail of protection (weapon)
 E - a +3 war axe of protection
Missiles
 q - 17 poisoned darts (quivered)
 C - a throwing net
Armour
 f - a +2 cloak (worn)
 r - the +1 Delatra's gloves (worn) {ID++}
   (You found it on level 3 of the Dungeon)

   ID++:      It heals its wearer when they drink unknown potions, and restores
   their MP when they read unknown scrolls.
 t - the +2 ring mail "Qungogos" (worn) {Dex+3 SInv}
   (You found it on level 4 of the Dungeon)

   Dex:       It affects your dexterity (+3).
   SInv:      It lets you see invisible.
 w - the +2 helmet of the Ego (worn) {rN+ Will+ Str+4 Stlth-}
   (You found it on level 5 of the Dungeon)

   Str:       It affects your strength (+4).
   rN:        It protects you from negative energy.
   Will:      It increases your willpower.
   Stlth:     It makes you less stealthy.
 N - a +0 buckler (worn)
Jewellery
 d - a ring of protection from cold (left hand)
 e - a +4 ring of protection (right hand)
 g - an amulet of regeneration (around neck)
 o - a ring of protection from fire
 x - a ring of positive energy
 A - an amulet of magic regeneration
 F - an amulet of faith
 L - a ring of protection from fire
 Q - a ring of resist corrosion
Wands
 G - a wand of iceblast (7)
 H - a wand of mindburst (7)
 J - a wand of digging (5)
 K - a wand of light (5)
 O - a wand of paralysis (4)
Scrolls
 k - 4 scrolls of fog
 l - 2 scrolls of silence
 n - 6 scrolls of enchant armour
 p - 5 scrolls of teleportation
 y - a scroll of poison
 M - a scroll of identify
 P - a scroll of magic mapping
 R - 2 scrolls of blinking {unknown}
 S - a scroll of fear
Potions
 b - a potion of lignification
 c - 4 potions of might
 h - 9 potions of curing
 i - a potion of berserk rage
 j - 5 potions of ambrosia
 m - 3 potions of mutation
 u - 3 potions of flight
 v - 5 potions of heal wounds
 z - 2 potions of invisibility {unknown}
 B - a potion of attraction
 D - a potion of cancellation
 I - a potion of magic
 T - a potion of haste {unknown}


   Skills:
 + Level 11.5 Fighting
 + Level 16.3(16.4) Axes
 + Level 3.1(12.0) Maces & Flails
 + Level 0.4 Throwing
 + Level 8.1 Armour
 + Level 8.4 Dodging
 + Level 3.1 Stealth
 + Level 1.1 Shields


You had 12 spell levels left.
You didn't know any spells.
Your spell library was empty.

Dungeon Overview and Level Annotations

Branches:
Dungeon (9/15)             Temple (0/1) D:7            Lair (4/5) D:9
 Shoals (0/4) Lair:3        Snake (0/4) Lair:3        Slime (0/5) Lair:4
Ossuary (visited)
    Orc: D:9-12

Altars:
Dithmenos
Kikubaaqudgha
Makhleb
Nemelex Xobeh
Trog
Wu Jian
Jiyva
Lugonu

Shops:
D:3 =   D:4 ?

Portals:
Abyss: D:8

Annotations:
Lair:4 exclusion: 3 oklob plants


Innate Abilities, Weirdness & Mutations

You are immune to sickness and miasma.
Your stone body is resilient. (AC +9)
You are immune to poison.
You resist negative energy. (rN+)
You are resistant to electric shocks. (rElec)
You are resistant to unholy torment.
You are immune to petrification.


Message History

The oklob plant is almost destroyed.
The oklob plant spits acid at you. The splash of acid hits you!
Unknown command.
You hit the oklob plant but do no damage.
The oklob plant is almost destroyed.
Unknown command.
You completely miss the oklob plant.
The oklob plant is almost destroyed.
The oklob plant spits acid at you. The splash of acid hits you!!
* * * LOW HITPOINT WARNING * * *
The oklob plant spits acid at you. The splash of acid hits you!!
* * * LOW HITPOINT WARNING * * *
You hit the oklob plant but do no damage.
The oklob plant is almost destroyed.
Unknown command.
You hit the oklob plant but do no damage.
The oklob plant is almost destroyed.
Unknown command.
You hit the oklob plant but do no damage.
The oklob plant is almost destroyed.
The oklob plant spits acid at you.
The splash of acid hits you but does no damage.
Unknown command.
You hit the oklob plant.
The oklob plant is almost destroyed.
Unknown command.
You completely miss the oklob plant.
The oklob plant is almost destroyed.
The oklob plant spits acid at you. The splash of acid hits you!
* * * LOW HITPOINT WARNING * * *
Unknown command.
You hit the oklob plant but do no damage.
The oklob plant is almost destroyed.
The oklob plant spits acid at you. The splash of acid hits you!!
You die...

# .## ###.## #...
##....# ##... ##..P>.#
## .... #...P@P#
....P##... ##.._..#
###....P#....
##....####.P. .>.+...
#.....##.... #....
#....####..#######P...
#....###...##..#.#P...
#...##....#...........
#..##.....#...........
#........#.#.####..##.


You could see 3 oklob plants.

Vanquished Creatures
  Gastronok (D:8)
  3 hydras
  2 catoblepae (Lair:3)
  Pikel (D:8)
  An oklob plant (Lair:4)
  4 elephants (Lair:3)
  A black mamba (Lair:2)
  A guardian serpent (Lair:3)
  Joseph (D:8)
  Maggie (D:6)
  8 cane toads
  A torpor snail (Lair:3)
  4 komodo dragons
  A rime drake (Lair:4)
  A troll (D:6)
  3 polar bears
  2 hornets (D:9)
  6 dream sheep (Lair:4)
  7 wyverns
  35 yaks
  Sigmund (D:5)
  Grum (D:8)
  A wraith (D:9)
  5 basilisks
  Edmund (D:5)
  7 water moccasins
  2 ice beasts
  2 black bears (D:9)
  A sky beast (D:6)
  2 ogres
  4 centaurs
  2 phantoms
  8 wolves
  5 kobold brigands
  11 bullfrogs
  4 gnoll sergeants
  3 scorpions
  9 wights (D:8)
  23 killer bees (D:9)
  2 centaur zombies (Ossuary)
  A human zombie (Ossuary)
  2 jellies (D:5)
  A gnoll bouda (D:5)
  An orc priest (D:7)
  6 hounds
  A sleepcap (D:6)
  Terence (D:2)
  5 iguanas
  4 orc wizards
  2 mummies (Ossuary)
  18 gnolls
  8 adders
  An ufetubus (D:4)
  3 adder zombies (Ossuary)
  A worm (D:2)
  5 dart slugs
  36 orcs
  2 bats
  8 endoplasms
  16 goblins
  11 hobgoblins
  7 jackals
  24 kobolds
  A quokka (D:4)
  8 ball pythons
  5 frilled lizards
  A goblin zombie (Ossuary)
  10 hobgoblin zombies (Ossuary)
  A jackal zombie (Ossuary)
  10 kobold zombies (Ossuary)
  6 orc zombies (Ossuary)
  4 rats
  2 rat zombies (Ossuary)
390 creatures vanquished.

Vanquished Creatures (collateral kills)
  2 wights (D:8)
  3 killer bees (D:8)
5 creatures vanquished.

Vanquished Creatures (others)
  A lurking horror (D:8)
1 creature vanquished.

Grand Total: 396 creatures vanquished

Notes
Turn   | Place    | Note
-------+----------+-------------------------------------------
     0 | D:1      | Gargoyl the Gargoyle Berserker began the quest for the Orb.
     0 | D:1      | Reached XP level 1. HP: 14/14 MP: 1/1
    79 | D:1      | Reached XP level 2. HP: 15/19 MP: 2/2
   240 | D:1      | Reached skill level 3 in Axes
   305 | D:1      | Found a faded altar of an unknown god.
   508 | D:1      | Reached XP level 3. HP: 20/24 MP: 3/3
  1049 | D:2      | Reached ** piety under Trog
  1153 | D:2      | Reached XP level 4. HP: 29/29 MP: 4/4
  1332 | D:2      | Noticed Terence
  1344 | D:2      | Killed Terence
  1465 | D:3      | Found Zeoklemu's Jewellery Emporium.
  1473 | D:3      | Reached skill level 4 in Axes
  1481 | D:3      | Reached XP level 5. HP: 33/33 MP: 5/5
  1719 | D:3      | Found the +1 Delatra's gloves {ID++}
  2106 | D:4      | Reached XP level 6. HP: 38/38 MP: 6/6
  2170 | D:4      | Found Iwneos's Magic Scroll Boutique.
  2199 | D:4      | Bought a scroll of brand weapon for 104 gold pieces
  2296 | D:4      | Identified the +2 ring mail "Qungogos" {Dex+3 SInv}
  2300 | D:4      | Reached skill level 5 in Axes
  2517 | D:4      | Reached XP level 7. HP: 44/44 MP: 7/7
  2993 | D:5      | Entered Level 5 of the Dungeon
  3035 | D:5      | Noticed Edmund
  3062 | D:5      | Killed Edmund
  3063 | D:5      | Reached skill level 1 in Stealth
  3124 | D:5      | Reached skill level 6 in Axes
  3305 | D:5      | Identified the +2 helmet of the Ego {rN+ Will+ Str+4
                  | Stlth-}
  3338 | D:5      | Reached XP level 8. HP: 48/48 MP: 8/8
  3412 | D:5      | Reached skill level 5 in Fighting
  3435 | D:5      | Noticed Sigmund
  3445 | D:5      | Killed Sigmund
  3654 | D:5      | Identified a scroll of acquirement
  3654 | D:5      | Acquired a manual of Axes
  3719 | D:6      | Found an ornate altar of the Wu Jian Council.
  3730 | D:6      | Reached skill level 7 in Axes
  3746 | D:6      | Found a sand-covered staircase.
  3756 | Ossuary  | Entered an ossuary
  3822 | Ossuary  | Reached *** piety under Trog
  4065 | D:6      | Identified the +3 chain mail of the Mackerel {Regen+}
  4079 | D:6      | Reached skill level 8 in Axes
  4274 | D:6      | Noticed a troll
  4287 | D:6      | Killed a troll
  4288 | D:6      | Reached XP level 9. HP: 55/55 MP: 9/9
  4436 | D:6      | Reached skill level 9 in Axes
  4836 | D:6      | Noticed Maggie
  4852 | D:6      | Killed Maggie
  4853 | D:6      | Reached skill level 10 in Axes
  4927 | D:7      | Found a burning altar of Makhleb.
  4949 | D:7      | Found a staircase to the Ecumenical Temple.
  5192 | D:7      | Reached skill level 5 in Armour
  5358 | D:7      | Reached **** piety under Trog
  5462 | D:7      | Reached skill level 5 in Dodging
  5483 | D:7      | Found a sparkling altar of Nemelex Xobeh.
  5498 | D:7      | Reached skill level 11 in Axes
  5847 | D:8      | Noticed Grum
  5870 | D:8      | Killed Grum
  5871 | D:8      | Reached XP level 10. HP: 59/63 MP: 10/10
  5909 | D:8      | Noticed Joseph
  5934 | D:8      | Killed Joseph
  5957 | D:8      | Found a corrupted altar of Lugonu.
  5959 | D:8      | Found a one-way gate to the infinite horrors of the Abyss.
  6010 | D:8      | Identified the staff of air "Zudall" {Contam rElec Dex+4}
  6015 | D:8      | Noticed Pikel
  6051 | D:8      | Killed Pikel
  6052 | D:8      | Reached skill level 12 in Axes
  6404 | D:8      | Noticed Gastronok
  6426 | D:8      | Killed Gastronok
  6427 | D:8      | Reached skill level 13 in Axes
  6767 | D:8      | Found a bloodstained altar of Trog.
  6767 | D:8      | Found a shadowy altar of Dithmenos.
  6826 | D:9      | Found an ancient bone altar of Kikubaaqudgha.
  6866 | D:9      | Reached XP level 11. HP: 69/69 MP: 11/11
  7017 | D:9      | Reached skill level 14 in Axes
  7068 | D:9      | Found a staircase to the Lair.
  7659 | Lair:1   | Entered Level 1 of the Lair of Beasts
  8456 | Lair:2   | Reached ***** piety under Trog
  8467 | Lair:2   | Reached XP level 12. HP: 61/77 MP: 12/12
  8468 | Lair:2   | Reached skill level 15 in Axes
  8491 | Lair:2   | Reached skill level 10 in Fighting
  9290 | Lair:3   | Found a staircase to the Shoals.
  9492 | Lair:3   | Found a staircase to the Snake Pit.
  9595 | Lair:3   | Noticed a catoblepas
  9610 | Lair:3   | Killed a catoblepas
  9626 | Lair:3   | Reached skill level 16 in Axes
  9761 | Lair:3   | Noticed a catoblepas
  9772 | Lair:3   | Killed a catoblepas
  9774 | Lair:3   | Reached XP level 13. HP: 84/84 MP: 13/13
 10340 | Lair:4   | Reached skill level 1 in Maces & Flails
 10505 | Lair:4   | Reached skill level 1 in Shields
 10875 | Lair:4   | Found a viscous altar of Jiyva.
 10877 | Lair:4   | Found a staircase to the Slime Pits.
 10903 | Lair:4   | HP: 5/126 [oklob plant/splash of acid (12)]
 10904 | Lair:4   | Killed from afar by an oklob plant

Illustrated notes

Levels and vault maps discovered:
D:1:      amcnicky_arrival_underground_garden, layout_basic,
          hellmonk_ecumenical_altar_leap_of_faith
D:2:      layout_rooms, kennysheep_generic_room_15, uniq_terence
D:3:      layout_basic, serial_shops, shop
D:4:      layout_basic, serial_shops, shop
D:5:      layout_gridville, uniq_edmund, uniq_sigmund
D:6:      layout_gridville, nicolae_overflow_crystal_walls, enter_ossuary_1,
          kennysheep_flooded_box, dreamdust_princess_corridor, uniq_maggie
D:7:      corexii_shantytown, layout_rooms, kennysheep_mini_moat,
          lemuel_crystal_altar, minmay_temple_entry_arrows
D:8:      layout_loops_corners, gammafunk_temple_overflow_pools,
          amcnicky_altar_lugonu_corruption, uniq_grum, uniq_pikel,
          uniq_gastronok, uniq_joseph
D:9:      minmay_razor_zed, layout_rooms, nicolae_kikubaaqudgha_miasma_corner,
          minmay_lair_entry_grove
Lair:1:   layout_roguey, chequers_serial_rivers_small_b, bh_autumn_forest_stairs
Lair:2:   layout_loops_ring, cheibrodos_lair_lostbears
Lair:3:   layout_cave_pods, shoals_dummy_entry, minmay_snake_entry_spellcaster,
          minmay_shattered_shrine, grunt_megastairs_1
Lair:4:   layout_regular_city, minmay_slime_entry_oklob_enclosed,
          columned_hall_lemuel

Skill      XL: |  1  2  3  4  5  6  7  8  9 10 11 12 13 |
---------------+----------------------------------------+-----
Axes           | 3 4 5 6 8 11 13 14 16 | 16.3
Dodging        | 2 3 4 5 6 7 8 |  8.4
Fighting       | 4 6 7 8 9 11 | 11.5
Armour         | 3 4 5 6 7 8 |  8.1
Stealth        | 1 2 3 |  3.1
Maces & Flails | 3 |  3.1
Shields        | 1 |  1.1
Throwing       | |  0.4

Action                     |  1- 3 |  4- 6 |  7- 9 | 10-12 | 13-15 || total
---------------------------+-------+-------+-------+-------+-------++-------
  Melee: Hand axe          |   128 |   136 |   603 |    87 |       ||   954
         Punch             |     1 |       |     6 |     5 |       ||    12
         War axe           |       |       |       |   533 |    17 ||   550
         Flail             |       |       |       |       |    96 ||    96
  Throw: Dart              |       |     2 |       |       |       ||     2
 Invoke: Berserk           |     1 |     3 |     7 |     7 |     2 ||    20
         Trog's Hand       |       |     1 |     7 |     5 |     2 ||    15
         Brothers in Arms  |       |       |       |     1 |     1 ||     2
    Use: Scroll            |     1 |     2 |    15 |     9 |     1 ||    28
   Stab: Petrifying        |       |       |       |     1 |       ||     1
         Petrified         |       |       |       |     1 |       ||     1
 Armour: Animal skin       |    52 |     8 |       |       |       ||    60
         Ring mail         |       |    58 |   306 |   407 |    85 ||   856
         Chain mail        |       |    52 |       |       |       ||    52
  Dodge: Dodged            |    88 |   117 |   354 |   447 |    90 ||  1096
  Block: Buckler           |       |       |       |     9 |    19 ||    28

Table legend: (Time is in decaauts)
 A = Elapsed time spent in this place.
 B = Non-inter-level travel time spent in this place.
 C = Inter-level travel time spent in this place.
 D = Time resting spent in this place.
 E = Time spent auto-exploring this place.
 F = Levels seen in this place.
 G = Mean time per level.
                   A        B        C        D        E       F      G
               +--------+--------+--------+--------+--------+-----+--------+
         Total |  10876 |  10360 |    516 |      0 |   7456 |  14 |  776.9 |
       Dungeon |   7458 |   7021 |    437 |      0 |   4942 |   9 |  828.7 |
          Lair |   3179 |   3100 |     79 |      0 |   2429 |   4 |  794.8 |
       Ossuary |    237 |    237 |      0 |      0 |     84 |   1 |  237.0 |
               +--------+--------+--------+--------+--------+-----+--------+

Top non-repeatable levels by time:
     D:4: 1076 daAuts
     D:8: 1042 daAuts
  Lair:3: 1026 daAuts
     D:6: 976 daAuts
     D:1: 971 daAuts
     D:9: 823 daAuts
  Lair:2: 803 daAuts
     D:7: 777 daAuts
  Lair:1: 774 daAuts
     D:5: 773 daAuts
  Lair:4: 574 daAuts
     D:2: 530 daAuts
     D:3: 486 daAuts
 Ossuary: 237 daAuts
